cohdb
Replays
Latest Replays
All Replays
Popular Replays
Top Player Replays
Match Explorer
How It Works
Community
CoH3 Stats
Reddit
Sign in to upload your games and track your stats! →
Sign in with Steam
Match 40250918
Unlisted
Match 40250918
Overview
Messages
Build Orders
End
Royal Engineer Section
Construct Section Command Post
Selects Canadian Shock Battlegroup
Dingo Light Scout Car
Vickers Machine Gun Team
Selects Attacking Spirit
Selects Canadian Shock Section
Canadian Shock Section
Canadian Shock Section
Construct Platoon Command Post
Humber Armored Car
Selects Incendiary Munitions
Selects Pyrotechnics
Infantry Training
Canadian Shock Section
6-pounder Anti-tank Gun Team
Royal Engineer Section
Royal Engineer Section
6-pounder Anti-tank Gun Team
Selects Churchill Crocodile Heavy Tank
Churchill Crocodile Heavy Tank
Selects Point Assault
Royal Engineer Section
Canadian Shock Section
CMP 15cwt Truck
6-pounder Anti-tank Gun Team
Churchill Crocodile Heavy Tank
^3
Diesel
0
0
Comments
sign in to comment!
No comments posted yet!